 Dungeon Crawl Stone Soup version 0.29.0-4-gdea44cf6ec (webtiles) character file.

Game seed: 1705547670282202168

92242 qw the Wrestler (level 15, -1/146 HPs)
             Began as a Troll Cinder Acolyte on Aug 31, 2022.
             Was a High Priest of Okawaru.
             Constricted to death by an anaconda (4 damage)
             ... on level 1 of the Snake Pit.
             The game lasted 00:12:01 (20945 turns).

qw the Wrestler (Troll Cinder Acolyte)             Turns: 20945, Time: 00:12:02

Health: -1/146     AC: 12    Str: 30    XL:     15   Next: 57%
Magic:  5/21       EV: 12    Int: 10    God:    Okawaru [*****.]
Gold:   834        SH:  5    Dex:  5    Spells: 16/16 levels left

rFire   + + .      SeeInvis .     - Unarmed
rCold   + . .      Faith    .   (no shield)
rNeg    . . .      Spirit   .   t - +2 robe {rC+ rF+}
rPois   +          Reflect  +   (helmet restricted)
rElec   .          Harm     .   n - +1 cloak {rPois}
rCorr   .          Rampage  .   (gloves unavailable)
Will    +....                   (boots unavailable)
Stlth   ++........              i - amulet of reflection
HPRegen 1.14/turn               p - +4 ring of evasion
MPRegen 0.17/turn               q - +4 ring of protection

@: lethally poisoned (-1 -> -1), about to teleport, heroic, constricted
A: large, unfitting armour, claws 3, regeneration 1, shaggy fur 1, tough skin 1,
fire resistance 1, weak 1
a: Renounce Religion, Heroism, Finesse, Duel


You were on level 1 of the Snake Pit.
You worshipped Okawaru.
Okawaru was extremely pleased with you.
You visited 5 branches of the dungeon, and saw 24 of its levels.

You collected 2588 gold pieces.
You spent 1754 gold pieces at shops.


Innate Abilities, Weirdness & Mutations

You are too large for most types of armour.
You have claws for hands.
Your natural rate of healing is unusually fast.
You are covered in fur. (AC +1)
You have tough skin. (AC +1)
Your flesh is heat resistant. (rF+)
You are weak. (Str -2)


   Skills:
 + Level 9.3(14.3) Fighting
 - Level 9.0(14.0) Throwing
 - Level 2.1(7.1) Armour
 - Level 4.2(9.2) Dodging
 - Level 21.0(26.0) Unarmed Combat
 - Level 1.0 Spellcasting
 - Level 2.1 Fire Magic
 - Level 10.0 Invocations


You had 16 spell levels left.
You didn't know any spells.
Your spell library contained the following spells:

 Spells                   Type           Power      Damage    Failure   Level
 Scorch                   Fire           8%         2d5       22%         2

Inventory:

Missiles
 c - 16 boomerangs
 f - 14 large rocks (quivered)
 j - 16 javelins
 r - 7 silver javelins
Armour
 b - a +0 troll leather armour {Pargi}
 n - a +1 cloak of poison resistance (worn)
 t - a +2 robe of resistance (worn)
Jewellery
 i - an amulet of reflection (around neck)
 m - a ring of protection from fire
 p - a +4 ring of evasion (left claw)
 q - a +4 ring of protection (right claw)
 u - a ring of poison resistance
 v - a ring of poison resistance
 w - a ring of protection from fire
Scrolls
 e - a scroll of teleportation
 h - a scroll of enchant weapon
 l - 11 scrolls of identify
Potions
 a - 3 potions of might
 d - 4 potions of haste
 g - 2 potions of mutation
 k - a potion of resistance
 o - 5 potions of curing
 s - a potion of magic

Dungeon Overview and Level Annotations

Branches:
Dungeon (15/15)            Temple (1/1) D:5            Lair (5/5) D:9
  Swamp (0/4) Lair:2        Snake (1/4) Lair:3        Slime (0/5) Lair:4
    Orc (2/2) D:9             Elf (0/3) Orc:2        Vaults (0/5) D:13
 Depths (0/4) D:15

Altars:
Ashenzari
Cheibriados
Dithmenos
Gozag
Hepliaklqana
Makhleb
Nemelex Xobeh
Okawaru
Ru
Sif Muna
Trog
Uskayaw
Xom
The Shining One

Shops:
D:10 =   Orc:2 ([*=

Portals:
Trove: D:12 (give +2 gold dragon scales)

Annotations:
D:3 3 runed translucent doors, qw's ghost, amateur TrCA
Lair:3 2 transporters, qw's ghost, journeyman TrCA
Orc:1 3 runed translucent doors, kernmantle's ghost, journeyman OpWn


Message History

You miss the anaconda.
You feel sick. The black mamba barely misses you. The anaconda bites you!
The anaconda constricts you. The mana viper barely misses you.
You mangle the anaconda!!
The anaconda is moderately wounded.
You feel sick.
The anaconda bites you but does no damage.
The black mamba barely misses you. The anaconda bites you!
The anaconda constricts you.
You miss the anaconda.
The anaconda is moderately wounded.
You feel sick. The black mamba bites you! You block the anaconda's attack.
The anaconda bites you but does no damage.
The black mamba bites you but does no damage.
The anaconda bites you. The anaconda constricts you. The mana viper misses you.
You mangle the anaconda!!
The anaconda is severely wounded.
You feel sick. The black mamba barely misses you. The anaconda bites you.
The anaconda bites you! The black mamba closely misses you.
The anaconda completely misses you. The anaconda constricts you.
The mana viper closely misses you.
You barely miss the anaconda. Your claw misses the anaconda.
The anaconda is severely wounded.
You feel sick. The black mamba completely misses you. The anaconda bites you.
The anaconda barely misses you. The black mamba bites you.
The anaconda bites you! The anaconda constricts you.
The mana viper closely misses you.
20945 ||| READING 2 scrolls of teleportation.
As you read the scroll of teleportation, it crumbles to dust.
You feel strangely unstable.
You feel sick. You block the black mamba's attack. The anaconda bites you.
The anaconda closely misses you. You block the black mamba's attack.
The anaconda barely misses you. The anaconda constricts you.
The mana viper bites you!
You feel your power leaking away. The anaconda bites you!
The black mamba closely misses you. The anaconda closely misses you.
The anaconda bites you but does no damage.
The anaconda constricts you.
You die...

....# ....# ###
##... ...
#...##.###
#......... ###
........
.##...##.S.### .
.......S@SNN.#...
.......SSS.......
...............#
...............#
N...N.........##
.?....._......#
................
.............##..
#...........# #


You could see a nagaraja (fast), 3 anacondas, a mana viper, 2 black mambas and 2
nagas.

Vanquished Creatures
  Jorgrun (D:13)
  A tengu reaver (D:14)
  An orc warlord (Orc:2)
  Snorg (D:11)
  A deep elf death mage (D:14)
  9 hydras
  3 boulder beetles
  3 ogre magi (D:14)
  10 centaur warriors
  6 two-headed ogres
  12 death yaks
  2 tengu warriors (D:14)
  3 orc high priests (Orc:2)
  Urug (D:13)
  Amaemon (D:9)
  A lindwurm (Lair:3)
  A wizard (D:15)
  2 obsidian statues (D:13)
  4 orc knights
  A necromancer (D:15)
  5 deep elf pyromancers
  2 deep elf zephyrmancers
  2 cyclopes (D:11)
  2 manticores (D:15)
  6 orc sorcerers
  8 slime creatures
  12 ugly things
  2 black mambas (Lair:2)
  A centaur zombie (D:15)
  9 elephants
  An orange demon (D:9)
  4 unseen horrors
  6 cane toads
  9 kobold demonologists
  9 komodo dragons
  4 rime drakes
  7 tengu conjurers (D:14)
  A yaktaur (D:11)
  9 meliai
  7 trolls
  3 blink frogs (Lair:5)
  A tyrant leech (Lair:2)
  A shadow (D:11)
  A centaur simulacrum (D:11)
  8 wyverns
  8 fire elementals
  4 water elementals (D:14)
  21 yaks
  4 basilisks
  A wraith (D:11)
  16 humans (D:13)
  11 vampire mosquitoes
  2 swamp worms (Lair:2)
  3 nagas (Lair:3)
  12 water moccasins
  Pargi (D:4)
  4 ice beasts
  A black bear (D:5)
  A meliai simulacrum (D:15)
  29 orc warriors
  2 sky beasts
  8 ogres
  27 wolves
  12 centaurs
  A phantom (D:6)
  2 kobold brigands
  8 bullfrogs
  3 necrophages
  10 wights
  A hornet simulacrum (D:15)
  3 killer bees (D:11)
  A howler monkey (D:5)
  6 electric eels
  5 hounds
  3 jellies
  19 orc priests
  2 gnoll boudas
  4 iguanas
  25 orc wizards
  A boggart skeleton (D:15)
  9 gnolls
  7 adders
  2 ufetubi
  2 worms (D:2)
  4 dart slugs
  82 orcs
  3 bats
  7 endoplasms
  5 giant cockroaches
  7 hobgoblins
  18 kobolds
  5 quokkas
  7 ball pythons
  9 goblins
  3 rats
615 creatures vanquished.

Vanquished Creatures (others)
  10 fungi
  22 plants
32 creatures vanquished.

Grand Total: 647 creatures vanquished

Notes
Turn   | Place    | Note
-------+----------+-------------------------------------------
     0 | D:1      | qw the Troll Cinder Acolyte began the quest for the Orb.
     0 | D:1      | Reached XP level 1. HP: 22/22 MP: 1/1
     0 | D:1      | 0 ||| qw: Version: 0.1-a-97-g2dd2ca4
     0 | D:1      | 0 ||| qw: Game counter: 4587
     0 | D:1      | 0 ||| qw: Always use a shield: true
     0 | D:1      | 0 ||| qw: God list: Okawaru
     0 | D:1      | 0 ||| qw: Allow faded altars: false
     0 | D:1      | 0 ||| qw: Do Orc after D:15 true
     0 | D:1      | 0 ||| qw: Do second Lair branch before Depths: true
     0 | D:1      | 0 ||| qw: Lair rune preference: random
     0 | D:1      | 0 ||| qw: Plans: Normal
     0 | D:1      | 0 ||| PLANNING D:1-11
    64 | D:1      | Reached XP level 2. HP: 28/29 MP: 2/2
   107 | D:1      | 107 ||| Stepping ~*~*~tactically~*~*~ (hiding).
   163 | D:1      | Reached skill level 4 in Unarmed Combat
   199 | D:1      | 199 ||| Stepping ~*~*~tactically~*~*~ (stealth).
   214 | D:1      | 214 ||| Stepping ~*~*~tactically~*~*~ (stealth).
   309 | D:1      | Reached XP level 3. HP: 36/36 MP: 3/3
   312 | D:1      | 312 ||| Stepping ~*~*~tactically~*~*~ (stealth).
   313 | D:1      | 313 ||| Stepping ~*~*~tactically~*~*~ (stealth).
   314 | D:1      | 314 ||| Stepping ~*~*~tactically~*~*~ (stealth).
   329 | D:1      | 329 ||| Stepping ~*~*~tactically~*~*~ (stealth).
   543 | D:1      | 543 ||| UPGRADING to +0 cloak.
   548 | D:1      | 548 ||| DROPPING amulet of magic regeneration.
   549 | D:1      | 549 ||| READING scroll labelled ANATZUM ELOCH.
   550 | D:1      | 550 ||| READING scroll labelled LESOICV LAGRICZE.
   551 | D:1      | 551 ||| READING scroll labelled WYDUEC VAJECI.
   715 | D:2      | 715 ||| INVOKING Fiery Armour.
   722 | D:2      | Identified the +6 great sword of Ipoelueq {vorpal, SInv}
   815 | D:2      | 815 ||| Stepping ~*~*~tactically~*~*~ (outnumbered).
   816 | D:2      | 816 ||| Stepping ~*~*~tactically~*~*~ (outnumbered).
   922 | D:2      | 922 ||| Stepping ~*~*~tactically~*~*~ (stealth).
   923 | D:2      | 923 ||| Stepping ~*~*~tactically~*~*~ (stealth).
   972 | D:2      | 972 ||| UPGRADING to ring of protection from fire.
   973 | D:2      | 973 ||| UPGRADING to +6 ring of dexterity.
   974 | D:2      | 974 ||| READING scroll labelled HIODAY LAUFF.
   975 | D:2      | 975 ||| DRINKING 2 cyan potions.
   976 | D:2      | 976 ||| DRINKING 2 fuming ruby potions.
   977 | D:2      | 977 ||| DROPPING potion of flight.
   999 | D:3      | Identified the -1 helmet "Duibinuu" {Str+2 Dex+5}
  1013 | D:3      | Reached skill level 5 in Unarmed Combat
  1013 | D:3      | Reached XP level 4. HP: 43/44 MP: 4/4
  1074 | D:3      | Found a runed translucent gate.
  1074 | D:3      | Found a runed translucent gate.
  1074 | D:3      | Found a runed translucent gate.
  1078 | D:3      | Noticed qw's ghost (amateur TrCA)
  1248 | D:3      | 1248 ||| Stepping ~*~*~tactically~*~*~ (hiding).
  1260 | D:3      | 1260 ||| INVOKING Fiery Armour.
  1261 | D:3      | 1261 ||| FLEEEEING.
  1263 | D:3      | 1263 ||| FLEEEEING.
  1264 | D:3      | 1264 ||| Stepping ~*~*~tactically~*~*~ (stealth).
  1265 | D:3      | 1265 ||| Stepping ~*~*~tactically~*~*~ (hiding).
  1272 | D:3      | Reached skill level 1 in Dodging
  1279 | D:3      | HP: 11/44 [gnoll/+0 club (1)]
  1284 | D:3      | HP: 9/44 [poisoned by a gnoll]
  1593 | D:3      | 1593 ||| UPGRADING to +1 cloak of poison resistance.
  1603 | D:3      | 1603 ||| DROPPING +0 cloak.
  1604 | D:3      | 1604 ||| READING 2 scrolls labelled OCKUUG SANLESEN.
  1605 | D:3      | 1605 ||| DRINKING 2 viscous ruby potions.
  1606 | D:3      | 1606 ||| DRINKING 2 pink potions.
  1606 | D:3      | Gained mutation: You are weak. (Str -2) [potion of
                  | mutation]
  1606 | D:3      | Gained mutation: Your flesh is heat resistant. (rF+)
                  | [potion of mutation]
  1607 | D:3      | 1607 ||| DROPPING potion of invisibility.
  1652 | D:4      | 1652 ||| Stepping ~*~*~tactically~*~*~ (stealth).
  1695 | D:4      | Noticed Pargi
  1707 | D:4      | Killed Pargi
  1708 | D:4      | Reached skill level 6 in Unarmed Combat
  1708 | D:4      | Reached XP level 5. HP: 37/50 MP: 5/5
  1725 | D:4      | 1725 ||| Stepping ~*~*~tactically~*~*~ (stealth).
  1726 | D:4      | 1726 ||| Stepping ~*~*~tactically~*~*~ (stealth).
  1732 | D:4      | 1732 ||| Stepping ~*~*~tactically~*~*~ (stealth).
  1734 | D:4      | 1734 ||| Stepping ~*~*~tactically~*~*~ (stealth).
  1736 | D:4      | 1736 ||| Stepping ~*~*~tactically~*~*~ (stealth).
  1738 | D:4      | 1738 ||| Stepping ~*~*~tactically~*~*~ (stealth).
  1753 | D:4      | 1753 ||| FLEEEEING.
  1754 | D:4      | 1754 ||| FLEEEEING.
  1755 | D:4      | 1755 ||| FLEEEEING.
  1756 | D:4      | 1756 ||| FLEEEEING.
  1786 | D:4      | 1786 ||| Stepping ~*~*~tactically~*~*~ (stealth).
  2035 | D:4      | Reached XP level 6. HP: 56/59 MP: 6/6
  2280 | D:4      | Reached skill level 7 in Unarmed Combat
  2438 | D:4      | 2438 ||| Stepping ~*~*~tactically~*~*~ (outnumbered).
  2439 | D:4      | 2439 ||| Stepping ~*~*~tactically~*~*~ (outnumbered).
  2440 | D:4      | 2440 ||| Stepping ~*~*~tactically~*~*~ (outnumbered).
  2441 | D:4      | 2441 ||| Stepping ~*~*~tactically~*~*~ (outnumbered).
  2549 | D:4      | You fall into a shaft and drop 3 floors!
  2550 | D:7      | 2550 ||| UPGRADING to +0 troll leather armour {Pargi}.
  2560 | D:7      | 2560 ||| DROPPING +0 robe.
  2561 | D:7      | 2561 ||| READING scroll labelled POMUSA QAIBAJ.
  2562 | D:7      | 2562 ||| READING scroll labelled XAILEI CITUETE.
  2566 | D:7      | 2566 ||| DRINKING 2 red potions.
  2567 | D:7      | 2567 ||| DRINKING 2 sedimented orange potions.
  2568 | D:7      | 2568 ||| DROPPING potion of attraction.
  2573 | D:7      | 2573 ||| Stepping ~*~*~tactically~*~*~ (outnumbered).
  2574 | D:7      | 2574 ||| Stepping ~*~*~tactically~*~*~ (outnumbered).
  2642 | D:7      | 2642 ||| Stepping ~*~*~tactically~*~*~ (stealth).
  2651 | D:7      | 2651 ||| Stepping ~*~*~tactically~*~*~ (stealth).
  2652 | D:7      | 2652 ||| Stepping ~*~*~tactically~*~*~ (stealth).
  2654 | D:7      | Noticed an orc warrior
  2655 | D:7      | 2655 ||| INVOKING Fiery Armour.
  2659 | D:7      | 2659 ||| Stepping ~*~*~tactically~*~*~ (outnumbered).
  2660 | D:7      | 2660 ||| Stepping ~*~*~tactically~*~*~ (outnumbered).
  2662 | D:7      | 2662 ||| Stepping ~*~*~tactically~*~*~ (outnumbered).
  2663 | D:7      | 2663 ||| Stepping ~*~*~tactically~*~*~ (outnumbered).
  2664 | D:7      | 2664 ||| Stepping ~*~*~tactically~*~*~ (outnumbered).
  2669 | D:7      | Reached XP level 7. HP: 51/66 MP: 7/7
  2671 | D:7      | Reached skill level 8 in Unarmed Combat
  2673 | D:7      | Reached skill level 3 in Fighting
  2673 | D:7      | 2673 ||| Stepping ~*~*~tactically~*~*~ (outnumbered).
  2675 | D:7      | 2675 ||| Stepping ~*~*~tactically~*~*~ (outnumbered).
  2676 | D:7      | 2676 ||| Stepping ~*~*~tactically~*~*~ (outnumbered).
  2677 | D:7      | 2677 ||| FLEEEEING.
  2679 | D:7      | 2679 ||| Stepping ~*~*~tactically~*~*~ (outnumbered).
  2681 | D:7      | 2681 ||| Stepping ~*~*~tactically~*~*~ (outnumbered).
  2682 | D:7      | 2682 ||| Stepping ~*~*~tactically~*~*~ (outnumbered).
  2683 | D:7      | 2683 ||| STAIRDANCE
  2688 | D:6      | 2688 ||| Stepping ~*~*~tactically~*~*~ (outnumbered).
  2689 | D:6      | 2689 ||| Stepping ~*~*~tactically~*~*~ (outnumbered).
  2711 | D:6      | Reached skill level 1 in Throwing
  2964 | D:6      | Reached skill level 9 in Unarmed Combat
  2964 | D:6      | Reached XP level 8. HP: 75/75 MP: 8/8
  2975 | D:6      | Reached skill level 1 in Armour
  3017 | D:6      | Found a shimmering blue altar of Sif Muna.
  3250 | D:6      | 3250 ||| Stepping ~*~*~tactically~*~*~ (outnumbered).
  3272 | D:6      | Reached skill level 10 in Unarmed Combat
  3300 | D:6      | 3300 ||| UPGRADING to amulet of regeneration.
  3305 | D:6      | 3305 ||| DRINKING 2 puce potions.
  3306 | D:6      | 3306 ||| READING 2 scrolls of identify.
  3306 | D:6      | 3306 ||| IDENTIFYING metallic inky potion
  3307 | D:6      | 3307 ||| DROPPING potion of degeneration.
  3316 | D:5      | Entered Level 5 of the Dungeon
  3483 | D:4      | Found a hazy altar of Hepliaklqana.
  3993 | D:5      | Reached XP level 9. HP: 84/84 MP: 9/9
  4222 | D:5      | Reached skill level 11 in Unarmed Combat
  4288 | D:5      | Found a staircase to the Ecumenical Temple.
  4334 | D:5      | 4334 ||| READING scroll labelled TOIPPEPSIT.
  4335 | D:5      | 4335 ||| READING scroll labelled GOSHUT URUAMI.
  4336 | D:5      | 4336 ||| READING 2 scrolls of identify.
  4336 | D:5      | 4336 ||| IDENTIFYING inky potion
  4357 | D:6      | 4357 ||| Stepping ~*~*~tactically~*~*~ (hiding).
  4803 | D:7      | 4803 ||| Stepping ~*~*~tactically~*~*~ (stealth).
  4824 | D:7      | 4824 ||| Stepping ~*~*~tactically~*~*~ (outnumbered).
  4858 | D:7      | Reached skill level 3 in Throwing
  5354 | D:7      | 5354 ||| READING 3 scrolls of identify.
  5354 | D:7      | 5354 ||| IDENTIFYING amethyst potion
  5355 | D:7      | 5355 ||| READING 2 scrolls of identify.
  5355 | D:7      | 5355 ||| IDENTIFYING sedimented grey potion
  5356 | D:7      | 5356 ||| DROPPING potion of brilliance.
  5357 | D:7      | 5357 ||| DROPPING potion of berserk rage.
  5528 | D:8      | 5528 ||| Stepping ~*~*~tactically~*~*~ (hiding).
  5532 | D:8      | Reached skill level 12 in Unarmed Combat
  5813 | D:8      | 5813 ||| Stepping ~*~*~tactically~*~*~ (hiding).
  5817 | D:8      | 5817 ||| INVOKING Fiery Armour.
  5819 | D:8      | 5819 ||| Stepping ~*~*~tactically~*~*~ (outnumbered).
  5822 | D:8      | 5822 ||| Stepping ~*~*~tactically~*~*~ (outnumbered).
  5824 | D:8      | 5824 ||| Stepping ~*~*~tactically~*~*~ (outnumbered).
  5828 | D:8      | 5828 ||| Stepping ~*~*~tactically~*~*~ (outnumbered).
  5829 | D:8      | 5829 ||| Stepping ~*~*~tactically~*~*~ (outnumbered).
  5893 | D:8      | Identified the +8 short sword of Gloom {spect, Int+2 Dex+4}
  5990 | D:8      | Found a broken altar of Ashenzari.
  6148 | D:8      | 6148 ||| READING 2 scrolls of identify.
  6148 | D:8      | 6148 ||| IDENTIFYING fuming white potion
  6149 | D:8      | 6149 ||| DROPPING potion of lignification.
  6261 | D:9      | Noticed an orange demon
  6262 | D:9      | Noticed Amaemon
  6265 | D:9      | 6265 ||| INVOKING Fiery Armour.
  6269 | D:9      | 6269 ||| Stepping ~*~*~tactically~*~*~ (outnumbered).
  6270 | D:9      | 6270 ||| Stepping ~*~*~tactically~*~*~ (outnumbered).
  6271 | D:9      | 6271 ||| Stepping ~*~*~tactically~*~*~ (outnumbered).
  6273 | D:9      | 6273 ||| Stepping ~*~*~tactically~*~*~ (outnumbered).
  6277 | D:9      | 6277 ||| Stepping ~*~*~tactically~*~*~ (outnumbered).
  6280 | D:9      | 6280 ||| Stepping ~*~*~tactically~*~*~ (outnumbered).
  6288 | D:9      | 6288 ||| Stepping ~*~*~tactically~*~*~ (outnumbered).
  6301 | D:9      | HP: 20/85 [Amaemon/-2 demon whip of venom (7)]
  6302 | D:9      | 6302 ||| READING scroll of teleportation.
  6303 | D:9      | 6303 ||| DRINKING 2 potions of heal wounds.
  6305 | D:9      | Killed Amaemon
  6341 | D:9      | Noticed a two-headed ogre
  6347 | D:9      | HP: 15/89 [two-headed ogre/+0 giant spiked club (10)]
  6348 | D:9      | 6348 ||| DRINKING potion of heal wounds.
  6349 | D:9      | Killed a two-headed ogre
  6350 | D:9      | Reached XP level 10. HP: 44/98 MP: 10/10
  6384 | D:9      | 6384 ||| Stepping ~*~*~tactically~*~*~ (hiding).
  6395 | D:9      | 6395 ||| Stepping ~*~*~tactically~*~*~ (hiding).
  6402 | D:9      | 6402 ||| Stepping ~*~*~tactically~*~*~ (outnumbered).
  6433 | D:9      | 6433 ||| INVOKING Fiery Armour.
  6434 | D:9      | Found a staircase to the Orcish Mines.
  6435 | D:9      | 6435 ||| Stepping ~*~*~tactically~*~*~ (outnumbered).
  6436 | D:9      | 6436 ||| Stepping ~*~*~tactically~*~*~ (outnumbered).
  6440 | D:9      | 6440 ||| Stepping ~*~*~tactically~*~*~ (outnumbered).
  6452 | D:9      | 6452 ||| Stepping ~*~*~tactically~*~*~ (outnumbered).
  6479 | D:9      | Killed an orange demon
  6480 | D:9      | Reached skill level 13 in Unarmed Combat
  6680 | D:9      | 6680 ||| Stepping ~*~*~tactically~*~*~ (hiding).
  6805 | D:9      | Reached skill level 3 in Dodging
  6903 | D:9      | Found a shadowy altar of Dithmenos.
  7050 | D:9      | Found a staircase to the Lair.
  7301 | D:9      | 7301 ||| PLANNING LAIR
  7301 | D:9      | 7301 ||| READING scroll labelled RUIRUET PAMAUTH.
  7348 | Lair:1   | Entered Level 1 of the Lair of Beasts
  7350 | Lair:1   | Noticed a death yak
  7350 | Lair:1   | Noticed a death yak
  7351 | Lair:1   | 7351 ||| INVOKING Fiery Armour.
  7351 | Lair:1   | Noticed a death yak
  7352 | Lair:1   | Noticed a death yak
  7353 | Lair:1   | Noticed a death yak
  7357 | Lair:1   | Killed a death yak
  7367 | Lair:1   | Killed a death yak
  7368 | Lair:1   | Reached skill level 14 in Unarmed Combat
  7368 | Lair:1   | 7368 ||| Stepping ~*~*~tactically~*~*~ (outnumbered).
  7369 | Lair:1   | 7369 ||| Stepping ~*~*~tactically~*~*~ (outnumbered).
  7374 | Lair:1   | Killed a death yak
  7375 | Lair:1   | Reached skill level 6 in Fighting
  7383 | Lair:1   | Killed a death yak
  7384 | Lair:1   | Reached XP level 11. HP: 104/107 MP: 11/11
  7390 | Lair:1   | Killed a death yak
  7441 | Lair:1   | 7441 ||| Stepping ~*~*~tactically~*~*~ (hiding).
  7543 | Lair:1   | 7543 ||| Stepping ~*~*~tactically~*~*~ (hiding).
  7612 | Lair:1   | Noticed an eight-headed hydra
  7613 | Lair:1   | 7613 ||| INVOKING Fiery Armour.
  7614 | Lair:1   | 7614 ||| Stepping ~*~*~tactically~*~*~ (stealth).
  7617 | Lair:1   | Reached skill level 15 in Unarmed Combat
  7619 | Lair:1   | 7619 ||| Stepping ~*~*~tactically~*~*~ (outnumbered).
  7620 | Lair:1   | Killed a nine-headed hydra
  7622 | Lair:1   | 7622 ||| Stepping ~*~*~tactically~*~*~ (outnumbered).
  7624 | Lair:1   | 7624 ||| Stepping ~*~*~tactically~*~*~ (outnumbered).
  7625 | Lair:1   | 7625 ||| Stepping ~*~*~tactically~*~*~ (outnumbered).
  7626 | Lair:1   | 7626 ||| Stepping ~*~*~tactically~*~*~ (outnumbered).
  7628 | Lair:1   | 7628 ||| Stepping ~*~*~tactically~*~*~ (outnumbered).
  7629 | Lair:1   | 7629 ||| Stepping ~*~*~tactically~*~*~ (outnumbered).
  7630 | Lair:1   | 7630 ||| Stepping ~*~*~tactically~*~*~ (outnumbered).
  7631 | Lair:1   | 7631 ||| Stepping ~*~*~tactically~*~*~ (outnumbered).
  7725 | Lair:1   | 7725 ||| Stepping ~*~*~tactically~*~*~ (stealth).
  7730 | Lair:1   | 7730 ||| INVOKING Fiery Armour.
  7734 | Lair:1   | 7734 ||| Stepping ~*~*~tactically~*~*~ (outnumbered).
  7847 | Lair:1   | 7847 ||| Stepping ~*~*~tactically~*~*~ (stealth).
  7954 | Lair:1   | 7954 ||| Stepping ~*~*~tactically~*~*~ (stealth).
  7960 | Lair:1   | 7960 ||| Stepping ~*~*~tactically~*~*~ (hiding).
  8119 | Lair:1   | Noticed a five-headed hydra
  8120 | Lair:1   | 8120 ||| INVOKING Fiery Armour.
  8130 | Lair:1   | Killed an eight-headed hydra
  8131 | Lair:1   | Reached skill level 16 in Unarmed Combat
  8431 | Lair:1   | 8431 ||| READING scroll labelled KAXAVV GUZOE.
  8632 | Lair:2   | 8632 ||| Stepping ~*~*~tactically~*~*~ (stealth).
  8635 | Lair:2   | 8635 ||| Stepping ~*~*~tactically~*~*~ (stealth).
  8637 | Lair:2   | 8637 ||| Stepping ~*~*~tactically~*~*~ (stealth).
  8640 | Lair:2   | 8640 ||| Stepping ~*~*~tactically~*~*~ (stealth).
  8765 | Lair:2   | 8765 ||| Stepping ~*~*~tactically~*~*~ (stealth).
  8773 | Lair:2   | Reached XP level 12. HP: 113/118 MP: 12/12
  8776 | Lair:2   | 8776 ||| Stepping ~*~*~tactically~*~*~ (outnumbered).
  8777 | Lair:2   | 8777 ||| Stepping ~*~*~tactically~*~*~ (outnumbered).
  8778 | Lair:2   | 8778 ||| Stepping ~*~*~tactically~*~*~ (outnumbered).
  8871 | Lair:2   | 8871 ||| Stepping ~*~*~tactically~*~*~ (stealth).
  8898 | Lair:2   | 8898 ||| Stepping ~*~*~tactically~*~*~ (stealth).
  8899 | Lair:2   | 8899 ||| Stepping ~*~*~tactically~*~*~ (stealth).
  8907 | Lair:2   | Reached skill level 17 in Unarmed Combat
  9086 | Lair:2   | Noticed a death yak
  9086 | Lair:2   | Noticed a death yak
  9087 | Lair:2   | 9087 ||| INVOKING Fiery Armour.
  9088 | Lair:2   | 9088 ||| Stepping ~*~*~tactically~*~*~ (stealth).
  9088 | Lair:2   | Noticed a death yak
  9090 | Lair:2   | Noticed a death yak
  9092 | Lair:2   | 9092 ||| Stepping ~*~*~tactically~*~*~ (stealth).
  9093 | Lair:2   | 9093 ||| Stepping ~*~*~tactically~*~*~ (stealth).
  9094 | Lair:2   | 9094 ||| Stepping ~*~*~tactically~*~*~ (stealth).
  9098 | Lair:2   | Killed a death yak
  9105 | Lair:2   | Killed a death yak
  9109 | Lair:2   | Killed a death yak
  9113 | Lair:2   | Killed a death yak
  9154 | Lair:2   | Found a hazy altar of Hepliaklqana.
  9324 | Lair:2   | Noticed a six-headed hydra
  9326 | Lair:2   | 9326 ||| Stepping ~*~*~tactically~*~*~ (hiding).
  9329 | Lair:2   | 9329 ||| Stepping ~*~*~tactically~*~*~ (hiding).
  9330 | Lair:2   | 9330 ||| INVOKING Fiery Armour.
  9332 | Lair:2   | Killed an eight-headed hydra
  9341 | Lair:2   | HP: 29/118 [tyrant leech (22)]
  9342 | Lair:2   | 9342 ||| READING 2 scrolls of teleportation.
  9354 | Lair:2   | 9354 ||| Stepping ~*~*~tactically~*~*~ (stealth).
  9357 | Lair:2   | 9357 ||| Stepping ~*~*~tactically~*~*~ (stealth).
  9386 | Lair:2   | 9386 ||| Stepping ~*~*~tactically~*~*~ (stealth).
  9388 | Lair:2   | 9388 ||| Stepping ~*~*~tactically~*~*~ (stealth).
  9491 | Lair:2   | 9491 ||| Stepping ~*~*~tactically~*~*~ (stealth).
  9494 | Lair:2   | 9494 ||| Stepping ~*~*~tactically~*~*~ (hiding).
  9528 | Lair:2   | Noticed a five-headed hydra
  9532 | Lair:2   | Killed an eight-headed hydra
  9533 | Lair:2   | Reached skill level 18 in Unarmed Combat
  9565 | Lair:2   | Found a staircase to the Swamp.
  9566 | Lair:2   | 9566 ||| PLANNING TEMPLE
  9566 | Lair:2   | 9566 ||| UPGRADING to amulet of reflection.
  9576 | Lair:2   | 9576 ||| DROPPING amulet of regeneration.
  9577 | Lair:2   | 9577 ||| READING scroll labelled UBOHYE TEROU.
  9770 | Temple   | Entered the Ecumenical Temple
  9774 | Temple   | 9774 ||| PLANNING CONVERSION TO OKAWARU
  9781 | Temple   | Fell from the grace of Ignis
  9781 | Temple   | Became a worshipper of Warmaster Okawaru
  9782 | Temple   | 9782 ||| PLANNING LAIR
 10125 | Lair:3   | Noticed a death yak
 10133 | Lair:3   | Noticed a death yak
 10133 | Lair:3   | Noticed a death yak
 10134 | Lair:3   | 10134 ||| Stepping ~*~*~tactically~*~*~ (stealth).
 10142 | Lair:3   | 10142 ||| Stepping ~*~*~tactically~*~*~ (hiding).
 10143 | Lair:3   | 10143 ||| Stepping ~*~*~tactically~*~*~ (hiding).
 10145 | Lair:3   | 10145 ||| Stepping ~*~*~tactically~*~*~ (hiding).
 10147 | Lair:3   | 10147 ||| Stepping ~*~*~tactically~*~*~ (outnumbered).
 10148 | Lair:3   | 10148 ||| Stepping ~*~*~tactically~*~*~ (hiding).
 10151 | Lair:3   | 10151 ||| Stepping ~*~*~tactically~*~*~ (outnumbered).
 10152 | Lair:3   | Killed a death yak
 10154 | Lair:3   | 10154 ||| Stepping ~*~*~tactically~*~*~ (outnumbered).
 10155 | Lair:3   | 10155 ||| Stepping ~*~*~tactically~*~*~ (outnumbered).
 10156 | Lair:3   | 10156 ||| Stepping ~*~*~tactically~*~*~ (outnumbered).
 10157 | Lair:3   | 10157 ||| Stepping ~*~*~tactically~*~*~ (outnumbered).
 10158 | Lair:3   | 10158 ||| Stepping ~*~*~tactically~*~*~ (outnumbered).
 10159 | Lair:3   | 10159 ||| Stepping ~*~*~tactically~*~*~ (outnumbered).
 10160 | Lair:3   | 10160 ||| Stepping ~*~*~tactically~*~*~ (outnumbered).
 10164 | Lair:3   | 10164 ||| Stepping ~*~*~tactically~*~*~ (outnumbered).
 10165 | Lair:3   | 10165 ||| Stepping ~*~*~tactically~*~*~ (hiding).
 10165 | Lair:3   | HP: 22/119 [death yak (11)]
 10166 | Lair:3   | 10166 ||| READING 2 scrolls of teleportation.
 10166 | Lair:3   | HP: 4/119 [death yak (7)]
 10167 | Lair:3   | 10167 ||| Stepping ~*~*~tactically~*~*~ (outnumbered).
 10170 | Lair:3   | Noticed qw's ghost (journeyman TrCA)
 10173 | Lair:3   | 10173 ||| READING scroll of teleportation.
 10173 | Lair:3   | HP: 5/119 [water moccasin (8)]
 10291 | Lair:3   | Killed a death yak
 10291 | Lair:3   | Reached * piety under Okawaru
 10292 | Lair:3   | 10292 ||| INVOKING Heroism.
 10294 | Lair:3   | Killed a death yak
 10295 | Lair:3   | Reached skill level 1 in Invocations
 10310 | Lair:3   | 10310 ||| INVOKING Heroism.
 10408 | Lair:3   | Identified the +12 sling of Prescription {flame, rPois rF+}
 10482 | Lair:3   | You fall into a shaft and drop 2 floors!
 10482 | Lair:5   | Entered Level 5 of the Lair of Beasts
 10488 | Lair:5   | Reached ** piety under Okawaru
 10507 | Lair:5   | 10507 ||| Stepping ~*~*~tactically~*~*~ (stealth).
 10512 | Lair:5   | 10512 ||| Stepping ~*~*~tactically~*~*~ (outnumbered).
 10513 | Lair:5   | 10513 ||| Stepping ~*~*~tactically~*~*~ (outnumbered).
 10514 | Lair:5   | 10514 ||| Stepping ~*~*~tactically~*~*~ (outnumbered).
 10515 | Lair:5   | 10515 ||| Stepping ~*~*~tactically~*~*~ (outnumbered).
 10516 | Lair:5   | 10516 ||| Stepping ~*~*~tactically~*~*~ (outnumbered).
 10517 | Lair:5   | 10517 ||| Stepping ~*~*~tactically~*~*~ (outnumbered).
 10518 | Lair:5   | 10518 ||| Stepping ~*~*~tactically~*~*~ (outnumbered).
 10519 | Lair:5   | 10519 ||| Stepping ~*~*~tactically~*~*~ (outnumbered).
 10523 | Lair:5   | 10523 ||| INVOKING Heroism.
 10525 | Lair:5   | Reached XP level 13. HP: 114/127 MP: 10/13
 10529 | Lair:5   | 10529 ||| Stepping ~*~*~tactically~*~*~ (stealth).
 10545 | Lair:5   | 10545 ||| INVOKING Heroism.
 10573 | Lair:5   | 10573 ||| INVOKING Heroism.
 10644 | Lair:5   | 10644 ||| READING scroll labelled ZAROGERCHYKY.
 10662 | Lair:4   | 10662 ||| Stepping ~*~*~tactically~*~*~ (hiding).
 10663 | Lair:4   | 10663 ||| INVOKING Heroism.
 10676 | Lair:4   | Reached skill level 3 in Invocations
 10711 | Lair:4   | 10711 ||| INVOKING Heroism.
 10822 | Lair:3   | Found a transporter.
 10825 | Lair:3   | Found a transporter.
 10866 | Lair:3   | Found a staircase to the Snake Pit.
 10890 | Lair:3   | 10890 ||| Stepping ~*~*~tactically~*~*~ (outnumbered).
 10891 | Lair:3   | 10891 ||| Stepping ~*~*~tactically~*~*~ (outnumbered).
 10892 | Lair:3   | 10892 ||| Stepping ~*~*~tactically~*~*~ (outnumbered).
 10893 | Lair:3   | 10893 ||| INVOKING Heroism.
 10894 | Lair:3   | 10894 ||| Stepping ~*~*~tactically~*~*~ (outnumbered).
 10895 | Lair:3   | 10895 ||| Stepping ~*~*~tactically~*~*~ (outnumbered).
 11170 | Lair:4   | 11170 ||| INVOKING Heroism.
 11175 | Lair:4   | 11175 ||| Stepping ~*~*~tactically~*~*~ (outnumbered).
 11176 | Lair:4   | 11176 ||| Stepping ~*~*~tactically~*~*~ (outnumbered).
 11181 | Lair:4   | 11181 ||| Stepping ~*~*~tactically~*~*~ (outnumbered).
 11182 | Lair:4   | 11182 ||| Stepping ~*~*~tactically~*~*~ (outnumbered).
 11183 | Lair:4   | 11183 ||| Stepping ~*~*~tactically~*~*~ (outnumbered).
 11187 | Lair:4   | 11187 ||| Stepping ~*~*~tactically~*~*~ (outnumbered).
 11188 | Lair:4   | Reached *** piety under Okawaru
 11189 | Lair:4   | 11189 ||| Stepping ~*~*~tactically~*~*~ (outnumbered).
 11190 | Lair:4   | 11190 ||| Stepping ~*~*~tactically~*~*~ (outnumbered).
 11200 | Lair:4   | 11200 ||| INVOKING Heroism.
 11385 | Lair:4   | Found a staircase to the Slime Pits.
 11479 | Lair:4   | Found a snail-covered altar of Cheibriados.
 11532 | Lair:4   | You fall into a shaft and drop 1 floor!
 11674 | Lair:4   | 11674 ||| Stepping ~*~*~tactically~*~*~ (outnumbered).
 11676 | Lair:4   | 11676 ||| Stepping ~*~*~tactically~*~*~ (outnumbered).
 11925 | Lair:5   | 11925 ||| STAIRDANCE
 11927 | Lair:4   | 11927 ||| INVOKING Heroism.
 11931 | Lair:4   | Reached skill level 19 in Unarmed Combat
 11960 | Lair:5   | 11960 ||| STAIRDANCE
 12168 | Lair:5   | 12168 ||| Stepping ~*~*~tactically~*~*~ (outnumbered).
 12169 | Lair:5   | 12169 ||| Stepping ~*~*~tactically~*~*~ (outnumbered).
 12173 | Lair:5   | Received a gift from Okawaru
 12269 | Lair:5   | 12269 ||| PLANNING D:1-11
 12435 | D:10     | Entered Level 10 of the Dungeon
 12470 | D:10     | 12470 ||| INVOKING Heroism.
 12473 | D:10     | 12473 ||| Stepping ~*~*~tactically~*~*~ (outnumbered).
 12503 | D:10     | Found Izof's Jewellery Shoppe.
 12510 | D:10     | 12510 ||| BUYING +4 ring of evasion (504 gold).
 12510 | D:10     | Bought a +4 ring of evasion for 504 gold pieces
 12510 | D:10     | 12510 ||| BUYING +4 ring of protection (504 gold).
 12510 | D:10     | Bought a +4 ring of protection for 504 gold pieces
 12541 | D:10     | 12541 ||| Stepping ~*~*~tactically~*~*~ (stealth).
 12551 | D:10     | 12551 ||| INVOKING Heroism.
 12715 | D:10     | 12715 ||| Stepping randomly (disturbance).
 12827 | D:10     | Received a gift from Okawaru
 13041 | D:10     | 13041 ||| UPGRADING to +4 ring of evasion.
 13043 | D:10     | 13043 ||| UPGRADING to +4 ring of protection.
 13045 | D:10     | 13045 ||| DROPPING ring of ice.
 13046 | D:10     | 13046 ||| DROPPING +6 ring of dexterity.
 13047 | D:10     | 13047 ||| READING 8 scrolls of identify.
 13047 | D:10     | 13047 ||| IDENTIFYING coppery potion
 13048 | D:10     | 13048 ||| READING 7 scrolls of identify.
 13048 | D:10     | 13048 ||| IDENTIFYING orange potion
 13093 | D:11     | 13093 ||| Stepping ~*~*~tactically~*~*~ (stealth).
 13094 | D:11     | 13094 ||| Stepping ~*~*~tactically~*~*~ (stealth).
 13095 | D:11     | 13095 ||| Stepping ~*~*~tactically~*~*~ (stealth).
 13140 | D:11     | Reached **** piety under Okawaru
 13270 | D:11     | 13270 ||| FLEEEEING.
 13271 | D:11     | 13271 ||| FLEEEEING.
 13274 | D:11     | 13274 ||| FLEEEEING.
 13275 | D:11     | 13275 ||| FLEEEEING.
 13276 | D:11     | 13276 ||| FLEEEEING.
 13292 | D:11     | 13292 ||| FLEEEEING.
 13295 | D:11     | 13295 ||| FLEEEEING.
 13296 | D:11     | 13296 ||| FLEEEEING.
 13298 | D:11     | 13298 ||| FLEEEEING.
 13335 | D:11     | Noticed Snorg
 13336 | D:11     | 13336 ||| INVOKING Heroism.
 13342 | D:11     | Killed Snorg
 13344 | D:11     | 13344 ||| Stepping ~*~*~tactically~*~*~ (hiding).
 13353 | D:11     | Reached skill level 6 in Throwing
 13366 | D:11     | 13366 ||| INVOKING Heroism.
 13375 | D:11     | 13375 ||| Stepping ~*~*~tactically~*~*~ (hiding).
 13386 | D:11     | Received a gift from Okawaru
 13395 | D:11     | 13395 ||| Stepping ~*~*~tactically~*~*~ (outnumbered).
 13402 | D:11     | 13402 ||| Stepping ~*~*~tactically~*~*~ (hiding).
 13404 | D:11     | 13404 ||| Stepping ~*~*~tactically~*~*~ (outnumbered).
 13405 | D:11     | 13405 ||| Stepping ~*~*~tactically~*~*~ (outnumbered).
 13406 | D:11     | 13406 ||| Stepping ~*~*~tactically~*~*~ (outnumbered).
 13408 | D:11     | 13408 ||| INVOKING Heroism.
 13419 | D:11     | HP: 27/130 [orc warrior/+0 trident (6)]
 13420 | D:11     | 13420 ||| READING 2 scrolls of teleportation.
 13423 | D:11     | HP: 13/130 [something (2)]
 13524 | D:11     | 13524 ||| Invisible monster not found???
 13533 | D:11     | 13533 ||| INVOKING Heroism.
 13547 | D:11     | 13547 ||| Stepping ~*~*~tactically~*~*~ (stealth).
 13548 | D:11     | 13548 ||| Stepping ~*~*~tactically~*~*~ (stealth).
 13550 | D:11     | 13550 ||| Stepping ~*~*~tactically~*~*~ (stealth).
 13600 | D:11     | 13600 ||| Stepping ~*~*~tactically~*~*~ (stealth).
 13836 | D:11     | 13836 ||| READING scroll of teleportation.
 13880 | D:11     | 13880 ||| Stepping randomly (disturbance).
 13881 | D:11     | 13881 ||| Stepping randomly (disturbance).
 13882 | D:11     | 13882 ||| Stepping randomly (disturbance).
 13883 | D:11     | 13883 ||| Stepping randomly (disturbance).
 13884 | D:11     | 13884 ||| Stepping randomly (disturbance).
 13887 | D:11     | 13887 ||| INVOKING Heroism.
 13898 | D:11     | Reached skill level 6 in Invocations
 14044 | D:11     | 14044 ||| Stepping ~*~*~tactically~*~*~ (outnumbered).
 14194 | D:11     | 14194 ||| PLANNING D
 14194 | D:11     | 14194 ||| READING scroll labelled MABOTZOHIG.
 14318 | D:12     | 14318 ||| INVOKING Heroism.
 14325 | D:12     | 14325 ||| Stepping ~*~*~tactically~*~*~ (outnumbered).
 14326 | D:12     | 14326 ||| Stepping ~*~*~tactically~*~*~ (outnumbered).
 14327 | D:12     | 14327 ||| Stepping ~*~*~tactically~*~*~ (outnumbered).
 14500 | D:12     | 14500 ||| Stepping ~*~*~tactically~*~*~ (hiding).
 14622 | D:12     | Found a portal to a secret trove of treasure.
 14661 | D:12     | Reached XP level 14. HP: 137/137 MP: 17/17
 14699 | D:12     | 14699 ||| Stepping ~*~*~tactically~*~*~ (stealth).
 14700 | D:12     | 14700 ||| Stepping ~*~*~tactically~*~*~ (stealth).
 14702 | D:12     | 14702 ||| INVOKING Heroism.
 14714 | D:12     | 14714 ||| Stepping ~*~*~tactically~*~*~ (outnumbered).
 14733 | D:12     | Identified the +3 pair of boots of Insecurity {rPois rF-
                  | rC+++ MP-9}
 14762 | D:12     | 14762 ||| INVOKING Heroism.
 14764 | D:12     | Received a gift from Okawaru
 14900 | D:12     | You fall into a shaft and drop 1 floor!
 14908 | D:13     | Noticed Urug
 14909 | D:13     | 14909 ||| INVOKING Heroism.
 14910 | D:13     | 14910 ||| Stepping ~*~*~tactically~*~*~ (stealth).
 14915 | D:13     | 14915 ||| Stepping ~*~*~tactically~*~*~ (stealth).
 14923 | D:13     | Killed Urug
 14946 | D:13     | 14946 ||| Stepping ~*~*~tactically~*~*~ (stealth).
 14948 | D:13     | 14948 ||| Stepping ~*~*~tactically~*~*~ (stealth).
 14951 | D:13     | 14951 ||| INVOKING Heroism.
 14957 | D:13     | Received a gift from Okawaru
 14958 | D:13     | Found a gate to the Vaults.
 14960 | D:13     | 14960 ||| Stepping ~*~*~tactically~*~*~ (outnumbered).
 14961 | D:13     | 14961 ||| Stepping ~*~*~tactically~*~*~ (outnumbered).
 14963 | D:13     | 14963 ||| Stepping ~*~*~tactically~*~*~ (outnumbered).
 14976 | D:13     | Reached ***** piety under Okawaru
 15047 | D:12     | You fall into a shaft and drop 3 floors!
 15047 | D:15     | Entered Level 15 of the Dungeon
 15047 | D:15     | Was forgiven by Ignis
 15064 | D:15     | 15064 ||| Stepping ~*~*~tactically~*~*~ (hiding).
 15067 | D:15     | Reached skill level 9 in Fighting
 15089 | D:14     | 15089 ||| PLANNING GAUNTLET
 15163 | D:14     | Received a gift from Okawaru
 15165 | D:14     | 15165 ||| INVOKING Heroism.
 15238 | D:14     | 15238 ||| INVOKING Heroism.
 15255 | D:14     | Received a gift from Okawaru
 15313 | D:14     | 15313 ||| Stepping ~*~*~tactically~*~*~ (hiding).
 15318 | D:14     | 15318 ||| INVOKING Heroism.
 15319 | D:14     | 15319 ||| INVOKING Finesse.
 15325 | D:14     | Received a gift from Okawaru
 15462 | D:14     | 15462 ||| INVOKING Heroism.
 15463 | D:14     | 15463 ||| INVOKING Finesse.
 15472 | D:14     | Received a gift from Okawaru
 15478 | D:14     | 15478 ||| Stepping ~*~*~tactically~*~*~ (outnumbered).
 15487 | D:14     | 15487 ||| Stepping ~*~*~tactically~*~*~ (outnumbered).
 15488 | D:14     | 15488 ||| Stepping ~*~*~tactically~*~*~ (outnumbered).
 15491 | D:14     | 15491 ||| Stepping ~*~*~tactically~*~*~ (outnumbered).
 15492 | D:14     | 15492 ||| Stepping ~*~*~tactically~*~*~ (outnumbered).
 15493 | D:14     | 15493 ||| Stepping ~*~*~tactically~*~*~ (outnumbered).
 15496 | D:14     | 15496 ||| Stepping ~*~*~tactically~*~*~ (outnumbered).
 15497 | D:14     | 15497 ||| Stepping ~*~*~tactically~*~*~ (outnumbered).
 15615 | D:14     | 15615 ||| RIP GAUNTLET
 15639 | D:14     | 15639 ||| PLANNING D
 15639 | D:14     | 15639 ||| DROPPING orb of wrath.
 15817 | D:12     | 15817 ||| INVOKING Heroism.
 15818 | D:12     | 15818 ||| INVOKING Finesse.
 16161 | D:13     | 16161 ||| INVOKING Heroism.
 16290 | D:13     | 16290 ||| Stepping ~*~*~tactically~*~*~ (hiding).
 16294 | D:13     | 16294 ||| Stepping ~*~*~tactically~*~*~ (hiding).
 16295 | D:13     | 16295 ||| Stepping ~*~*~tactically~*~*~ (outnumbered).
 16344 | D:13     | 16344 ||| INVOKING Heroism.
 16345 | D:13     | 16345 ||| INVOKING Finesse.
 16346 | D:13     | Noticed Jorgrun
 16347 | D:13     | 16347 ||| Stepping ~*~*~tactically~*~*~ (outnumbered).
 16352 | D:13     | Reached skill level 9 in Invocations
 16363 | D:13     | Killed Jorgrun
 16485 | D:13     | 16485 ||| Stepping ~*~*~tactically~*~*~ (hiding).
 16861 | D:13     | 16861 ||| INVOKING Heroism.
 16862 | D:13     | 16862 ||| INVOKING Finesse.
 17043 | D:13     | 17043 ||| UPGRADING to +2 robe of resistance.
 17090 | D:14     | 17090 ||| Stepping ~*~*~tactically~*~*~ (hiding).
 17113 | D:14     | 17113 ||| INVOKING Heroism.
 17114 | D:14     | Received a gift from Okawaru
 17199 | D:14     | 17199 ||| INVOKING Heroism.
 17260 | D:14     | 17260 ||| INVOKING Heroism.
 17271 | D:14     | 17271 ||| Stepping ~*~*~tactically~*~*~ (hiding).
 17272 | D:14     | 17272 ||| Stepping ~*~*~tactically~*~*~ (hiding).
 17273 | D:14     | 17273 ||| Stepping ~*~*~tactically~*~*~ (hiding).
 17274 | D:14     | 17274 ||| Stepping ~*~*~tactically~*~*~ (hiding).
 17282 | D:14     | Reached skill level 20 in Unarmed Combat
 17296 | D:14     | Reached XP level 15. HP: 146/146 MP: 21/21
 17331 | D:14     | Found a shimmering blue altar of Sif Muna.
 17332 | D:14     | 17332 ||| Stepping ~*~*~tactically~*~*~ (hiding).
 17333 | D:14     | 17333 ||| Stepping ~*~*~tactically~*~*~ (hiding).
 17342 | D:14     | Received a gift from Okawaru
 17351 | D:14     | 17351 ||| Stepping ~*~*~tactically~*~*~ (hiding).
 17352 | D:14     | 17352 ||| Stepping ~*~*~tactically~*~*~ (hiding).
 17355 | D:14     | 17355 ||| INVOKING Heroism.
 17389 | D:14     | Noticed a tengu reaver
 17390 | D:14     | 17390 ||| Stepping ~*~*~tactically~*~*~ (hiding).
 17391 | D:14     | 17391 ||| Stepping ~*~*~tactically~*~*~ (outnumbered).
 17394 | D:14     | 17394 ||| Stepping ~*~*~tactically~*~*~ (outnumbered).
 17398 | D:14     | 17398 ||| INVOKING Heroism.
 17402 | D:14     | Killed a tengu reaver
 17466 | D:14     | 17466 ||| INVOKING Heroism.
 17467 | D:14     | 17467 ||| Stepping ~*~*~tactically~*~*~ (outnumbered).
 17469 | D:14     | 17469 ||| Stepping ~*~*~tactically~*~*~ (outnumbered).
 17599 | D:14     | Identified the +1 arbalest "Zomaklehu" {freeze, rF+++ rC-
                  | Int+5 Stlth-}
 17630 | D:14     | Received a gift from Okawaru
 17984 | D:14     | 17984 ||| DROPPING ring of see invisible.
 17985 | D:14     | 17985 ||| DROPPING ring of wizardry.
 18021 | D:15     | 18021 ||| Stepping ~*~*~tactically~*~*~ (hiding).
 18022 | D:15     | 18022 ||| INVOKING Heroism.
 18026 | D:15     | Reached skill level 9 in Throwing
 18026 | D:15     | 18026 ||| Stepping ~*~*~tactically~*~*~ (hiding).
 18030 | D:15     | HP: 35/146 [meliai/+0 hand axe (10)]
 18031 | D:15     | 18031 ||| READING 4 scrolls of teleportation.
 18189 | D:15     | 18189 ||| Stepping ~*~*~tactically~*~*~ (hiding).
 18190 | D:15     | 18190 ||| Stepping ~*~*~tactically~*~*~ (hiding).
 18191 | D:15     | 18191 ||| INVOKING Heroism.
 18360 | D:15     | 18360 ||| Stepping ~*~*~tactically~*~*~ (hiding).
 18380 | D:15     | 18380 ||| Stepping ~*~*~tactically~*~*~ (stealth).
 18381 | D:15     | 18381 ||| Stepping ~*~*~tactically~*~*~ (stealth).
 18383 | D:15     | 18383 ||| Stepping ~*~*~tactically~*~*~ (stealth).
 18385 | D:15     | 18385 ||| INVOKING Heroism.
 18388 | D:15     | Received a gift from Okawaru
 18390 | D:15     | 18390 ||| Stepping ~*~*~tactically~*~*~ (outnumbered).
 18391 | D:15     | 18391 ||| Stepping ~*~*~tactically~*~*~ (outnumbered).
 18400 | D:15     | 18400 ||| Stepping ~*~*~tactically~*~*~ (outnumbered).
 18408 | D:15     | Found a staircase to the Depths.
 18447 | D:15     | 18447 ||| Stepping ~*~*~tactically~*~*~ (hiding).
 18777 | D:15     | 18777 ||| PLANNING ORC
 18777 | D:15     | 18777 ||| DROPPING ring of resist corrosion.
 18905 | Orc:1    | Entered Level 1 of the Orcish Mines
 18906 | Orc:1    | 18906 ||| INVOKING Heroism.
 18909 | Orc:1    | 18909 ||| Stepping ~*~*~tactically~*~*~ (outnumbered).
 18910 | Orc:1    | 18910 ||| Stepping ~*~*~tactically~*~*~ (outnumbered).
 18912 | Orc:1    | 18912 ||| Stepping ~*~*~tactically~*~*~ (outnumbered).
 18913 | Orc:1    | 18913 ||| Stepping ~*~*~tactically~*~*~ (outnumbered).
 18914 | Orc:1    | 18914 ||| Stepping ~*~*~tactically~*~*~ (outnumbered).
 18915 | Orc:1    | 18915 ||| Stepping ~*~*~tactically~*~*~ (outnumbered).
 18916 | Orc:1    | 18916 ||| Stepping ~*~*~tactically~*~*~ (outnumbered).
 18917 | Orc:1    | 18917 ||| Stepping ~*~*~tactically~*~*~ (outnumbered).
 19117 | Orc:1    | 19117 ||| Stepping ~*~*~tactically~*~*~ (hiding).
 19120 | Orc:1    | 19120 ||| INVOKING Heroism.
 19124 | Orc:1    | 19124 ||| Stepping ~*~*~tactically~*~*~ (outnumbered).
 19125 | Orc:1    | 19125 ||| Stepping ~*~*~tactically~*~*~ (outnumbered).
 19288 | Orc:1    | Found a runed translucent gate.
 19290 | Orc:1    | Found a runed translucent gate.
 19292 | Orc:1    | Found a runed translucent gate.
 19370 | Orc:1    | Found an opulent altar of Gozag.
 19371 | Orc:1    | Noticed kernmantle's ghost (journeyman OpWn)
 19509 | Orc:1    | 19509 ||| READING 3 scrolls of teleportation.
 19544 | Orc:2    | Entered Level 2 of the Orcish Mines
 19552 | Orc:2    | Found a staircase to the Elven Halls.
 19558 | Orc:2    | 19558 ||| Stepping ~*~*~tactically~*~*~ (stealth).
 19563 | Orc:2    | Identified the +1 cloak "Tere Har" {MP-9 Int+5} (Okawaru
                  | gifted it to you on level 2 of the Orcish Mines)
 19563 | Orc:2    | Received a gift from Okawaru
 19569 | Orc:2    | 19569 ||| Stepping ~*~*~tactically~*~*~ (outnumbered).
 19570 | Orc:2    | 19570 ||| Stepping ~*~*~tactically~*~*~ (outnumbered).
 19573 | Orc:2    | 19573 ||| Stepping ~*~*~tactically~*~*~ (outnumbered).
 19574 | Orc:2    | 19574 ||| Stepping ~*~*~tactically~*~*~ (outnumbered).
 19575 | Orc:2    | 19575 ||| Stepping ~*~*~tactically~*~*~ (outnumbered).
 19576 | Orc:2    | 19576 ||| Stepping ~*~*~tactically~*~*~ (outnumbered).
 19577 | Orc:2    | 19577 ||| Stepping ~*~*~tactically~*~*~ (outnumbered).
 19578 | Orc:2    | 19578 ||| Stepping ~*~*~tactically~*~*~ (outnumbered).
 19668 | Orc:2    | 19668 ||| Stepping ~*~*~tactically~*~*~ (stealth).
 19669 | Orc:2    | 19669 ||| Stepping ~*~*~tactically~*~*~ (stealth).
 19670 | Orc:2    | 19670 ||| Stepping ~*~*~tactically~*~*~ (stealth).
 19671 | Orc:2    | 19671 ||| Stepping ~*~*~tactically~*~*~ (stealth).
 19676 | Orc:2    | 19676 ||| Stepping ~*~*~tactically~*~*~ (stealth).
 19791 | Orc:2    | 19791 ||| INVOKING Heroism.
 19813 | Orc:2    | 19813 ||| Stepping ~*~*~tactically~*~*~ (outnumbered).
 19814 | Orc:2    | 19814 ||| Stepping ~*~*~tactically~*~*~ (outnumbered).
 19815 | Orc:2    | 19815 ||| Stepping ~*~*~tactically~*~*~ (outnumbered).
 19822 | Orc:2    | 19822 ||| Stepping ~*~*~tactically~*~*~ (outnumbered).
 19841 | Orc:2    | 19841 ||| Stepping ~*~*~tactically~*~*~ (outnumbered).
 19843 | Orc:2    | 19843 ||| FLEEEEING.
 19874 | Orc:2    | 19874 ||| FLEEEEING.
 19878 | Orc:2    | 19878 ||| FLEEEEING.
 19879 | Orc:2    | 19879 ||| FLEEEEING.
 19881 | Orc:2    | 19881 ||| FLEEEEING.
 19886 | Orc:2    | 19886 ||| FLEEEEING.
 19887 | Orc:2    | 19887 ||| FLEEEEING.
 19888 | Orc:2    | 19888 ||| FLEEEEING.
 19894 | Orc:2    | 19894 ||| STAIRDANCE
 19965 | Orc:1    | 19965 ||| DROPPING +1 cloak "Tere Har" {MP-9 Int+5}.
 19994 | Orc:2    | 19994 ||| INVOKING Heroism.
 19999 | Orc:2    | 19999 ||| Stepping ~*~*~tactically~*~*~ (outnumbered).
 20031 | Orc:2    | 20031 ||| INVOKING Heroism.
 20139 | Orc:2    | 20139 ||| Stepping ~*~*~tactically~*~*~ (hiding).
 20246 | Orc:2    | 20246 ||| Stepping ~*~*~tactically~*~*~ (stealth).
 20257 | Orc:2    | 20257 ||| INVOKING Heroism.
 20265 | Orc:2    | 20265 ||| Stepping ~*~*~tactically~*~*~ (stealth).
 20284 | Orc:2    | 20284 ||| FLEEEEING.
 20285 | Orc:2    | 20285 ||| FLEEEEING.
 20286 | Orc:2    | 20286 ||| FLEEEEING.
 20287 | Orc:2    | 20287 ||| FLEEEEING.
 20288 | Orc:2    | 20288 ||| FLEEEEING.
 20289 | Orc:2    | 20289 ||| FLEEEEING.
 20290 | Orc:2    | 20290 ||| FLEEEEING.
 20291 | Orc:2    | 20291 ||| INVOKING Heroism.
 20302 | Orc:2    | 20302 ||| Stepping ~*~*~tactically~*~*~ (hiding).
 20303 | Orc:2    | 20303 ||| Stepping ~*~*~tactically~*~*~ (hiding).
 20318 | Orc:2    | Noticed an orc warlord
 20319 | Orc:2    | 20319 ||| INVOKING Finesse.
 20335 | Orc:2    | Killed an orc warlord
 20352 | Orc:2    | 20352 ||| INVOKING Heroism.
 20354 | Orc:2    | 20354 ||| Stepping ~*~*~tactically~*~*~ (outnumbered).
 20363 | Orc:2    | Reached skill level 21 in Unarmed Combat
 20367 | Orc:2    | 20367 ||| Stepping ~*~*~tactically~*~*~ (hiding).
 20368 | Orc:2    | 20368 ||| Stepping ~*~*~tactically~*~*~ (hiding).
 20379 | Orc:2    | 20379 ||| Stepping ~*~*~tactically~*~*~ (hiding).
 20380 | Orc:2    | 20380 ||| Stepping ~*~*~tactically~*~*~ (hiding).
 20383 | Orc:2    | 20383 ||| Stepping ~*~*~tactically~*~*~ (hiding).
 20384 | Orc:2    | 20384 ||| Stepping ~*~*~tactically~*~*~ (hiding).
 20394 | Orc:2    | 20394 ||| Stepping ~*~*~tactically~*~*~ (hiding).
 20396 | Orc:2    | 20396 ||| Stepping ~*~*~tactically~*~*~ (hiding).
 20410 | Orc:2    | 20410 ||| Stepping ~*~*~tactically~*~*~ (stealth).
 20474 | Orc:2    | 20474 ||| INVOKING Heroism.
 20488 | Orc:2    | 20488 ||| Stepping ~*~*~tactically~*~*~ (stealth).
 20522 | Orc:2    | 20522 ||| Stepping ~*~*~tactically~*~*~ (stealth).
 20543 | Orc:2    | Found Litzual's General Store.
 20544 | Orc:2    | Found Netuuc's Jewellery Boutique.
 20546 | Orc:2    | Found Masiux's Antique Armour Boutique.
 20546 | Orc:2    | Found Ukeab's Antique Weapon Shop.
 20553 | Orc:2    | 20553 ||| BUYING ring of poison resistance (200 gold).
 20553 | Orc:2    | Bought a ring of poison resistance for 200 gold pieces
 20553 | Orc:2    | 20553 ||| BUYING ring of poison resistance (200 gold).
 20553 | Orc:2    | Bought a ring of poison resistance for 200 gold pieces
 20553 | Orc:2    | 20553 ||| BUYING ring of protection from fire (250 gold).
 20553 | Orc:2    | Bought a ring of protection from fire for 250 gold pieces
 20562 | Orc:2    | 20562 ||| BUYING embroidered robe (96 gold).
 20562 | Orc:2    | Bought an embroidered robe for 96 gold pieces
 20793 | Orc:2    | 20793 ||| PLANNING SNAKE:1-3
 20793 | Orc:2    | 20793 ||| DROPPING +1 robe.
 20932 | Snake:1  | Entered Level 1 of the Snake Pit
 20932 | Snake:1  | Found a shadowy altar of Dithmenos.
 20934 | Snake:1  | 20934 ||| INVOKING Heroism.
 20935 | Snake:1  | Noticed a nagaraja
 20936 | Snake:1  | 20936 ||| Stepping ~*~*~tactically~*~*~ (outnumbered).
 20937 | Snake:1  | 20937 ||| Stepping ~*~*~tactically~*~*~ (outnumbered).
 20944 | Snake:1  | HP: 32/146 [anaconda (7)]
 20945 | Snake:1  | 20945 ||| READING 2 scrolls of teleportation.
 20945 | Snake:1  | HP: 13/146 [mana viper (9)]
 20945 | Snake:1  | HP: 3/146 [anaconda (10)]
 20945 | Snake:1  | Constricted to death by an anaconda

Levels and vault maps discovered:
D:1:      reono_arrival_forest_river, layout_rooms, minmay_misc_feat_diagonals
D:2:      layout_rooms
D:3:      layout_rooms, ebering_ghost_rock_garden,
          shapermc_ecumenical_altar_petra
D:4:      layout_layer_cave, nicolae_hepliaklqana_hippocampus,
          nicolae_elevator_lobby_asterisk, uniq_pargi
D:5:      layout_basic, minmay_temple_entry_nine_rooms,
          minmay_misc_feat_four_crosses, minmay_manual_monstrance
D:6:      layout_basic, led_sif_pool, kennysheep_dice
D:7:      layout_basic
D:8:      layout_gridville, mainiacjoe_overflow_brackets,
          kennysheep_cluttered_room
D:9:      layout_stronghold, mainiacjoe_overflow_small_starburst,
          lair_entry_dummy, david_orc_2, uniq_amaemon
D:10:     layout_loops_ring, serial_shops, shop, dreamdust_gnoll_shepherd
D:11:     minmay_the_grid_triangle_9x9_recursive_2_mashed
          [minmay_the_grid_triangle_9x9_prize_insulated,
          minmay_the_grid_triangle_9x9_pentomino_pain,
          minmay_the_grid_triangle_9x9_zippers_vertical,
          minmay_the_grid_triangle_9x9_stretched_checkered], layout_loops_ring,
          serial_glass, glass_columns_c, glass_columns_b, glass_columns_c,
          glass_columns_b, minmay_crystal_room, uniq_snorg
D:12:     layout_stronghold, enter_trove_1, nicolae_straight_to_the_point
D:13:     layout_loops_ring, david_vaults_3, minmay_more_statues, uniq_jorgrun
D:14:     evilmike_library_of_no_secrets, layout_basic, gauntlet_entry_generic,
          serial_bayou_lake_a
D:15:     grunt_enter_depths_magical_seal, layout_stronghold,
          palyth_stone_intersect
Temple:   regret_index_temple_chain_breaker
Lair:1:   layout_cave_pods, chequers_serial_rivers_marsh
Lair:2:   layout_concentric_octagons, palyth_hydra_swamp_entry, basic_altar,
          lemuel_fruit_tree, grunt_megastairs_2, serial_bayou_shore_b
Lair:3:   layout_chaotic_city, minmay_snake_entry_guardpost_small,
          gammafunk_ghost_arena, grunt_megastairs_5, infiniplex_staircase_pool
Lair:4:   layout_loops_ring, minmay_slime_entry_pillars, basic_altar
Lair:5:   hellmonk_lair_end_abyssal_woods, layout_layer_cave
Snake:1:  layout_rooms, portal_ice_cave_entry_frozen_things, basic_altar,
          uniq_aizul, uniq_louise
Orc:1:    layout_caves, ebering_ghost_gozag
Orc:2:    st_orc_congregation, layout_diamond_mine

Skill      XL: |  1  2  3  4  5  6  7  8  9 10 11 12 13 14 15 |
---------------+----------------------------------------------+-----
Unarmed Combat | 4 5 6 7 9 10 12 14 16 18 19 20 21 | 21.0
Dodging        | 1 2 3 4 |  4.2
Fighting       | 3 4 5 6 7 8 9 |  9.3
Throwing       | 1 2 3 4 7 8 9 |  9.0
Armour         | 1 2 |  2.1
Invocations    | 2 6 9 10 | 10.0
Spellcasting   | |  1.0
Fire Magic     | |  2.1

Action                   |  1- 3 |  4- 6 |  7- 9 | 10-12 | 13-15 || total
-------------------------+-------+-------+-------+-------+-------++-------
Melee: Unarmed           |    96 |   126 |   191 |   369 |   821 ||  1603
       Punch             |       |     2 |     6 |    39 |    92 ||   139
Throw: Boomerang         |       |    24 |     8 |    36 |    31 ||    99
       Javelin           |       |       |    55 |    47 |    16 ||   118
       Large rock        |       |       |       |       |    94 ||    94
Invok: Fiery Armour      |     1 |     2 |     2 |     7 |       ||    12
       Heroism           |       |       |       |     3 |    47 ||    50
       Finesse           |       |       |       |       |     6 ||     6
  Use: Scroll            |     4 |     3 |     8 |     6 |     9 ||    30
       Potion            |     2 |     4 |     3 |       |       ||     9
 Stab: Invisible         |       |     2 |       |       |       ||     2
Armor: Robe              |    29 |    40 |       |       |    95 ||   164
       Troll leather arm |       |     9 |    97 |   120 |   180 ||   406
Dodge: Dodged            |    36 |    43 |    87 |   128 |   379 ||   673
Block: Other             |       |       |       |    16 |   139 ||   155
       Reflection        |       |       |       |       |     9 ||     9

Table legend:
 A = Non-vault XP
 B = Vault XP
 C = Vault XP percentage of total XP
 D = Non-vault monster count
 E = Vault monster count
 F = Vault count percentage of total count
                 A         B        C        D         E       F
            +---------+---------+-------+---------+---------+-------
      Total |   81780 |   49995 |  37.9 |     435 |     172 |  28.3
            +---------+---------+-------+---------+---------+-------
        D:1 |      58 |       0 |   0.0 |      30 |       0 |   0.0
        D:2 |      33 |       0 |   0.0 |      14 |       0 |   0.0
        D:3 |      93 |       0 |   0.0 |      16 |       0 |   0.0
        D:4 |     283 |     134 |  32.1 |      25 |       1 |   3.8
        D:5 |     647 |     190 |  22.7 |      16 |       3 |  15.8
        D:6 |    1265 |      48 |   3.7 |      23 |       2 |   8.0
        D:7 |    1245 |       0 |   0.0 |      24 |       0 |   0.0
        D:8 |     505 |       0 |   0.0 |      10 |       0 |   0.0
        D:9 |    1763 |    1503 |  46.0 |      13 |       9 |  40.9
       D:10 |    2602 |     689 |  20.9 |      11 |       4 |  26.7
       D:11 |    3880 |    8138 |  67.7 |      11 |      17 |  60.7
       D:12 |    4418 |       0 |   0.0 |      18 |       0 |   0.0
       D:13 |    4700 |    9578 |  67.1 |      14 |      23 |  62.2
       D:14 |   16209 |   10883 |  40.2 |      36 |      20 |  35.7
       D:15 |    4053 |    3697 |  47.7 |      12 |       9 |  42.9
     Lair:1 |   10663 |       0 |   0.0 |      32 |       0 |   0.0
     Lair:2 |    9847 |    3428 |  25.8 |      34 |       9 |  20.9
     Lair:3 |    6484 |     474 |   6.8 |      17 |       3 |  15.0
     Lair:4 |    5137 |     573 |  10.0 |      19 |       2 |   9.5
     Lair:5 |    4055 |       0 |   0.0 |      12 |       0 |   0.0
      Orc:1 |     974 |       0 |   0.0 |      21 |       0 |   0.0
      Orc:2 |    2866 |   10660 |  78.8 |      27 |      70 |  72.2
            +---------+---------+-------+---------+---------+-------
